 Dungeon Crawl Stone Soup version 0.30.0-29-ga12c61a403 (webtiles) character file.

Game seed: 17447476683061495363

56017 ChadusMaximus the Severer (level 14, -18/129 HPs)
             Began as a Minotaur Fighter on June 25, 2023.
             Was the Champion of Okawaru.
             Demolished by an ogre
             ... wielding a +0 giant club
              (36 damage)
             ... on level 2 of the Orcish Mines.
             The game lasted 00:21:13 (15759 turns).

ChadusMaximus the Severer (Minotaur Fighter)       Turns: 15759, Time: 00:21:14

Health: -18/129    AC: 27    Str: 25    XL:     14   Next: 40%
Magic:  15/17      EV: 11    Int:  5    God:    Okawaru [******]
Gold:   2128       SH:  8    Dex: 11    Spells: 13/13 levels left

rFire   . . .        K - +0 war axe (heavy)
rCold   . . .        c - +0 buckler
rNeg    . . .        V - +4 chain mail {rPois}
rPois   +            e - +1 hat
rElec   .            h - +0 cloak
rCorr   .            N - +0 pair of gloves
SInv    .            (no boots)
Will    +....        p - amulet of regeneration Stlth
                     J - +4 ring of slaying
HPRegen 1.21/turn    F - +4 ring of protection
MPRegen 0.15/turn

%: no passive effects
@: heroic
A: horns 2, retaliatory headbutt
a: Renounce Religion, Heroism, Finesse, Duel


You were on level 2 of the Orcish Mines.
You worshipped Okawaru.
Okawaru was exalted by your worship.
You visited 4 branches of the dungeon, and saw 19 of its levels.
You also visited: Ossuary and Ice Cave.

You collected 2128 gold pieces.

Inventory:

Hand Weapons
 a - a +0 war axe
 K - a +0 heavy war axe (weapon)
Missiles
 G - 2 throwing nets (quivered)
 T - 6 javelins
 X - 27 boomerangs
Armour
 c - a +0 buckler (worn)
 e - a +1 hat (worn)
 h - a +0 cloak (worn)
 N - a +0 pair of gloves (worn)
 V - a +4 chain mail of poison resistance (worn)
Jewellery
 j - an amulet of magic regeneration
 p - an amulet of regeneration (around neck)
 w - a ring of resist corrosion
 C - a ring of flight
 F - a +4 ring of protection (right hand)
 J - a +4 ring of slaying (left hand)
 P - a ring of protection from fire
 W - a ring of see invisible
 Y - an amulet of reflection
Wands
 x - a wand of polymorph (6)
 y - a wand of iceblast (9)
 U - a wand of digging (4)
Scrolls
 b - 2 scrolls of amnesia
 g - a scroll of summoning
 k - 2 scrolls of brand weapon
 m - 5 scrolls of blinking
 n - a scroll of fear {unknown}
 r - 2 scrolls of vulnerability
 v - 4 scrolls of enchant weapon
 A - 10 scrolls of teleportation
 B - 3 scrolls of magic mapping
 E - 3 scrolls of enchant armour
 H - 4 scrolls of poison
 I - a scroll of silence
 L - 2 scrolls of fog {unknown}
 R - 5 scrolls of noise
 S - 4 scrolls of immolation
 Z - 2 scrolls of torment {unknown}
Potions
 d - 6 potions of might
 f - 3 potions of invisibility {unknown}
 i - 14 potions of curing {unknown}
 l - 7 potions of flight
 o - a potion of berserk rage {unknown}
 q - 5 potions of heal wounds {unknown}
 s - a potion of cancellation {unknown}
 t - 9 potions of degeneration
 u - 4 potions of resistance
 z - 5 potions of brilliance {unknown}
 D - 4 potions of magic {unknown}
 M - 2 potions of ambrosia {unknown}
 O - 5 potions of mutation {unknown}
 Q - 6 potions of attraction


   Skills:
 + Level 13.1(18.1) Fighting
 * Level 17.5(22.5) Axes
 - Level 9.1(14.1) Throwing
 + Level 13.1(18.1) Armour
 + Level 13.1(18.1) Shields
 - Level 5.4 Invocations


You had 13 spell levels left.
You didn't know any spells.
Your spell library contained the following spells:

 Spells                   Type           Power      Damage    Failure   Level
 Kiss of Death            Conj/Necr      0%         2d5       86%         1
 Magic Dart               Conj           0%         1d3       86%         1
 Necrotise                Necr           0%         1d4       86%         1
 Blink                    Tloc           0%         N/A       94%         2
 Lesser Beckoning         Tloc           0%         N/A       94%         2
 Momentum Strike          Conj/Tloc      0%         3d8       94%         2
 Searing Ray              Conj           0%         2d4       94%         2
 Sublimation of Blood     Necr           0%         N/A       94%         2
 Wereblood                Tmut           0%         N/A       94%         2
 Confusing Touch          Hex            0%         N/A       99%         3
 Dazzling Flash           Conj/Hex       0%         N/A       99%         3
 Gell's Gravitas          Tloc           0%         N/A       99%         3
 Inner Flame              Hex/Fire       0%         N/A       99%         3
 Teleport Other           Tloc           0%         N/A       99%         3
 Vampiric Draining        Necr           0%         2d6       99%         3
 Vhi's Electric Charge    Tloc/Air       0%         N/A       99%         3
 Volatile Blastmotes      Fire/Tloc      0%         2d10      99%         3
 Dispel Undead            Necr           0%         3d6       100%        4
 Fulminant Prism          Conj/Hex       0%         3d5       100%        4
 Iskenderun's Mystic Bla  Conj/Tloc      0%         2d3       100%        4
 Agony                    Necr           0%         N/A       100%        5
 Arcjolt                  Conj/Air       0%         1d10      100%        5
 Yara's Violent Unravell  Hex/Tmut       0%         3d3       100%        5
 Plasma Beam              Fire/Air       0%         2x1d11    100%        6
 Starburst                Conj/Fire      0%         6d3       100%        6
 Enfeeble                 Hex            0%         N/A       100%        7
 Orb of Destruction       Conj           0%         9d5       100%        7
 Summon Guardian Golem    Hex/Summ       Unusable   N/A       N/A         3
 Spellforged Servitor     Conj/Summ      Unusable   N/A       N/A         7
 Summon Hydra             Summ           Unusable   N/A       N/A         7

Dungeon Overview and Level Annotations

Branches:
Dungeon (11/15)            Temple (1/1) D:4            Lair (5/5) D:10
 Shoals (0/4) Lair:2        Snake (0/4) Lair:2        Slime (0/5) Lair:4
    Orc (2/2) D:10        Ossuary (visited)           IceCv (visited)
    Elf: Orc:2

Altars:
Ashenzari
Cheibriados
Dithmenos
Elyvilon
Fedhas
Hepliaklqana
Kikubaaqudgha
Okawaru
Qazlal
Ru
Sif Muna
Trog
Vehumet
Xom
Yredelemnul
Lugonu

Shops:
D:8 (*   D:9 *

Portals:
Abyss: Lair:5


Innate Abilities, Weirdness & Mutations

You have a pair of horns on your head.
You reflexively headbutt those who attack you in melee.


Message History

The chaos spawn degenerates into a cloud of primal chaos!
The smoke demon disappears in a puff of smoke!
You closely miss the orc warrior. You hit something. Okawaru accepts your kill.
Reactivating autopickup.
You feel a bit more experienced.
The orc warrior hits you with a +0 war axe!
* * * LOW HITPOINT WARNING * * *
Aiming: Duel (52% risk of failure)
Press: ? - help, Dir - move target, f - orc priest
Aim: an orc priest, wielding a +0 dagger (black smoke, strong)
The orc priest is not worthy to be dueled!
You slice the orc warrior like a ripe choko!!!
You kill the orc warrior!
Okawaru accepts your kill.
You closely miss the orc priest.
The orc warlord unwields a +3 bardiche of flaming.
It stops flaming.
The orc warlord wields a +0 arbalest.
The orc warlord shoots a bolt.
The bolt closely misses you.
You hear two shouts!
Unknown command.
Okay, then.
Aiming: Duel (52% risk of failure)
Press: ? - help, Dir - move target, f - ogre, p - orc priest
Aim: an ogre, wielding a +0 giant club (seething chaos)
The ogre is not worthy to be dueled!
Aiming: Duel (52% risk of failure)
Press: ? - help, Dir - move target, f - orc warlord, p - ogre
Aim: an orc warlord, wielding a +0 arbalest and wearing a +0 plate armour You fail to use your ability.
You hear a shout! x2; You hear two shouts!
The orc no longer looks unusually strong.
The orc hits you but does no damage.
The orc priest calls down the wrath of Beogh upon you.
Pain shoots through your body!
* * * LOW HITPOINT WARNING * * *
A two-headed ogre comes into view. It is wielding two +0 giant clubs.
The ogre is engulfed in seething chaos.
The ogre goes berserk!
The ogre hits you with a +0 giant club!!!
You die... ... .O. ..# #### OOo#

## ##..# ##TC#
##.##....#§oT.# ##
#...#...#o)§$.#.. .###
#.....##@o...$.. ...##
##.......)O...... ....#
#................ ...#
....#............ #.##
.. ##............ ..##
##.#........... ...##
##............#.
....#####..............
.....##.#..............


You could see an orc warlord, 2 two-headed ogres, a cyclops, 2 trolls, 2 ogres,
an orc priest (strong) and 2 orcs.

Vanquished Creatures
  A white draconian (IceCv)
  A dire elephant (Lair:4)
  A fire dragon (Lair:2)
  An ettin (Orc:2)
  Josephine (D:11)
  2 catoblepae
  3 hydras
  A boulder beetle (Lair:1)
  A two-headed ogre (D:10)
  7 death yaks
  3 thrashing horrors (Lair:5)
  Urug (Lair:5)
  Pikel (D:7)
  4 orc sorcerers
  An ugly thing (Lair:5)
  3 elephants (Lair:4)
  A manticore (Lair:2)
  Joseph (D:7)
  4 black mambas
  2 cyclopes
  2 ice statues (IceCv)
  10 cane toads
  3 smoke demons (Lair:5)
  An unseen horror (D:11)
  7 rime drakes
  4 komodo dragons
  2 ancient zymes (Lair:5)
  A wind drake (Lair:2)
  2 polar bears
  3 trolls
  2 hornets
  Grinder (D:4)
  18 blink frogs
  5 dream sheep (Lair:5)
  3 large abominations (Lair:5)
  5 wyverns
  5 wraiths
  2 spriggans (Lair:5)
  4 shadows
  A ynoxinul (Lair:5)
  41 yaks
  6 basilisks
  4 steam dragons
  2 chaos spawn (Lair:5)
  6 vampire mosquitoes
  Menkaure (D:4)
  3 wargs
  3 nagas (Lair:2)
  Duvessa (D:4)
  3 acid dragons
  12 water moccasins
  12 orc warriors
  3 ice beasts
  4 ogres
  A black bear (D:8)
  5 wolves (Lair:4)
  A lemure (D:7)
  3 centaurs
  2 phantoms
  A kobold brigand (D:10)
  Blork the orc (D:6)
  10 bullfrogs
  3 scorpions
  2 gnoll sergeants
  Dowan (D:4)
  8 wights
  2 lindwurm simulacra (IceCv)
  12 small abominations (Lair:5)
  3 killer bees (D:11)
  3 howler monkeys
  4 electric eels
  6 komodo dragon simulacra (IceCv)
  5 hounds
  3 jellies
  2 human zombies (Ossuary)
  8 orc priests
  3 sleepcaps
  2 gnoll boudas
  2 iguanas (D:5)
  Natasha (thrice) (D:4)
  18 orc wizards
  15 hell rats
  6 ogre zombies (D:10)
  4 mummies (Ossuary)
  7 acid dragon simulacra (IceCv)
  19 gnolls
  4 river rats (Lair:4)
  5 adders
  A shadow imp (D:7)
  A white imp (D:3)
  6 steam dragon simulacra (IceCv)
  2 worms
  2 dart slugs
  48 orcs
  10 ball pythons
  6 endoplasms
  10 giant cockroaches
  7 goblins
  5 hobgoblins
  4 jackals
  5 quokkas
  6 bats
  5 frilled lizards
  A gnoll zombie (Ossuary)
  4 goblin zombies
  A hobgoblin skeleton (D:10)
  4 hobgoblin zombies
  15 kobolds
  2 kobold zombies (Ossuary)
  2 orc skeletons (D:10)
  11 orc zombies (D:10)
  8 rats
562 creatures vanquished.

Notes
Turn   | Place    | Note
-------+----------+-------------------------------------------
     0 | D:1      | ChadusMaximus the Minotaur Fighter began the quest for the
                  | Orb.
     0 | D:1      | Reached XP level 1. HP: 19/19 MP: 0/0
   179 | D:1      | Reached XP level 2. HP: 27/27 MP: 1/1
   239 | D:1      | Reached skill level 3 in Axes
   434 | D:1      | Reached XP level 3. HP: 33/33 MP: 2/2
  1071 | D:2      | Reached XP level 4. HP: 40/40 MP: 3/3
  1384 | D:3      | Reached skill level 4 in Axes
  1534 | D:3      | Found a faded altar of an unknown god.
  1544 | D:3      | You fall into a shaft and drop 2 floors!
  1544 | D:5      | Entered Level 5 of the Dungeon
  1634 | D:5      | Reached XP level 5. HP: 47/47 MP: 4/4
  1654 | D:4      | Noticed a phantom
  1669 | D:4      | Killed a phantom
  1685 | D:4      | Noticed Natasha
  1690 | D:4      | Killed Natasha
  1700 | D:4      | Reached skill level 5 in Axes
  1720 | D:4      | Noticed Menkaure
  1744 | D:4      | Noticed Natasha
  1786 | D:4      | Killed Natasha
  1787 | D:4      | Reached XP level 6. HP: 54/55 MP: 5/5
  1856 | D:4      | Found a staircase to the Ecumenical Temple.
  1880 | Temple   | Entered the Ecumenical Temple
  1898 | Temple   | Became a worshipper of Warmaster Okawaru
  1929 | D:4      | Noticed Natasha
  1939 | D:4      | Killed Natasha
  1940 | D:4      | Reached skill level 5 in Fighting
  1940 | D:4      | Reached skill level 5 in Shields
  1970 | D:4      | Noticed Dowan
  1970 | D:4      | Noticed Duvessa
  1982 | D:4      | Killed Duvessa
  1983 | D:4      | Reached skill level 5 in Armour
  1988 | D:4      | Killed Dowan
  2049 | D:4      | Noticed Grinder
  2058 | D:4      | Paralysed by Grinder for 4 turns
  2071 | D:4      | Killed Grinder
  2071 | D:4      | Reached * piety under Okawaru
  2072 | D:4      | Reached skill level 6 in Axes
  2072 | D:4      | Reached XP level 7. HP: 40/61 MP: 6/6
  2690 | D:4      | Killed Menkaure
  3474 | D:5      | Reached skill level 1 in Invocations
  3495 | D:5      | Reached skill level 7 in Axes
  3648 | D:5      | Reached ** piety under Okawaru
  3963 | D:5      | Reached XP level 8. HP: 39/70 MP: 8/8
  4143 | D:6      | Noticed Blork the orc
  4151 | D:6      | Killed Blork the orc
  4156 | D:6      | Reached skill level 8 in Axes
  4431 | D:6      | Reached *** piety under Okawaru
  4476 | D:6      | Reached XP level 9. HP: 28/78 MP: 8/10
  4631 | D:6      | Reached skill level 9 in Axes
  5328 | D:7      | Identified the +4 ring mail of Parts Unknown {Str+4}
  5449 | D:7      | Noticed Pikel
  5485 | D:7      | Killed Pikel
  5488 | D:7      | Reached **** piety under Okawaru
  5726 | D:7      | Noticed Joseph
  5735 | D:7      | Killed Joseph
  5736 | D:7      | Reached skill level 10 in Axes
  6209 | D:8      | Reached XP level 10. HP: 88/88 MP: 12/12
  6294 | D:8      | Found Koicunek's Weapon Emporium.
  6350 | D:8      | Reached skill level 11 in Axes
  6456 | D:8      | Found a sand-covered staircase.
  6543 | Ossuary  | Entered an ossuary
  6776 | D:8      | Reached ***** piety under Okawaru
  6803 | D:8      | Reached skill level 5 in Invocations
  6805 | D:8      | Found Nalysaiw's Needful Niceties.
  7182 | D:9      | Received a gift from Okawaru
  7395 | D:9      | Found Denak's Changing Room.
  7623 | D:10     | Entered Level 10 of the Dungeon
  7635 | D:10     | Found a stormy altar of Qazlal.
  7656 | D:10     | Reached skill level 1 in Throwing
  7716 | D:10     | Noticed a two-headed ogre
  7723 | D:10     | Killed a two-headed ogre
  7724 | D:10     | Reached skill level 12 in Axes
  7795 | D:10     | Found a staircase to the Orcish Mines.
  7811 | D:10     | Reached XP level 11. HP: 87/97 MP: 14/14
  8002 | D:10     | Identified the +1 robe of Ennui {Rampage rF+ Int+4}
  8057 | D:10     | Found a staircase to the Lair.
  8337 | D:11     | Noticed Josephine
  8345 | D:11     | Killed Josephine
  8345 | D:11     | Identified the +3 robe "Uqihutri" {rC++} (Okawaru gifted it
                  | to you on level 11 of the Dungeon)
  8345 | D:11     | Received a gift from Okawaru
  8645 | D:11     | Reached skill level 13 in Axes
  8881 | D:11     | Noticed a four-headed hydra
  8889 | D:11     | Killed a seven-headed hydra
  8890 | D:11     | Reached skill level 10 in Fighting
  8890 | D:11     | Reached skill level 5 in Throwing
  9026 | Lair:1   | Entered Level 1 of the Lair of Beasts
  9036 | Lair:1   | Identified the +0 leather armour of the Wumpus {Int+3}
  9101 | Lair:1   | Noticed a boulder beetle
  9110 | Lair:1   | Reached skill level 10 in Armour
  9110 | Lair:1   | Reached skill level 10 in Shields
  9113 | Lair:1   | Noticed a catoblepas
  9115 | Lair:1   | Killed a boulder beetle
  9127 | Lair:1   | Noticed a four-headed hydra
  9133 | Lair:1   | Killed a catoblepas
  9149 | Lair:1   | Killed an eight-headed hydra
  9578 | Lair:1   | Reached XP level 12. HP: 107/107 MP: 15/15
  9695 | Lair:2   | Found a staircase to the Shoals.
  9710 | Lair:2   | Reached skill level 14 in Axes
  9768 | Lair:2   | You fall into a shaft and drop 2 floors!
  9768 | Lair:4   | Found a staircase to the Slime Pits.
  9890 | Lair:4   | Noticed a seven-headed hydra
  9900 | Lair:4   | Killed a 12-headed hydra
  9905 | Lair:4   | Noticed a death yak
  9917 | Lair:4   | Killed a death yak
  9951 | Lair:4   | Received a gift from Okawaru
 10211 | Lair:4   | Reached skill level 15 in Axes
 10280 | Lair:4   | Identified the +2 robe of Infinity {Will+ Dex+3 Stlth-}
 10470 | Lair:4   | Noticed a dire elephant
 10470 | Lair:4   | Noticed a catoblepas
 10491 | Lair:4   | Found a runed translucent door.
 11052 | Lair:4   | Killed a dire elephant
 11056 | Lair:4   | Received a gift from Okawaru
 11091 | Lair:4   | Killed a catoblepas
 11109 | Lair:4   | Identified the staff of conjuration "Kaipleax" {Int+3}
 11262 | Lair:3   | Reached ****** piety under Okawaru
 11303 | Lair:3   | Reached XP level 13. HP: 100/117 MP: 16/16
 11408 | Lair:3   | Identified the +4 ring mail of Incorporation {rF+ MP-9
                  | Str+6} (Okawaru gifted it to you on level 3 of the Lair of
                  | Beasts)
 11408 | Lair:3   | Received a gift from Okawaru
 11691 | Lair:3   | Reached skill level 16 in Axes
 12304 | Lair:2   | Found a staircase to the Snake Pit.
 12732 | Lair:2   | Noticed a fire dragon
 12745 | Lair:2   | Killed a fire dragon
 12992 | Lair:5   | Entered Level 5 of the Lair of Beasts
 13026 | Lair:5   | Noticed Urug
 13038 | Lair:5   | Killed Urug
 13109 | Lair:5   | Found a frozen archway.
 13119 | IceCv    | Entered an ice cave
 13539 | IceCv    | Noticed a white draconian
 13548 | IceCv    | Killed a white draconian
 13548 | IceCv    | Received a gift from Okawaru
 14257 | Lair:5   | Reached XP level 14. HP: 98/127 MP: 17/17
 14271 | Lair:5   | Reached skill level 17 in Axes
 14395 | Lair:5   | Received a gift from Okawaru
 14677 | Lair:5   | Found a corrupted altar of Lugonu.
 14677 | Lair:5   | Found a one-way gate to the infinite horrors of the Abyss.
 15130 | Orc:1    | Entered Level 1 of the Orcish Mines
 15582 | Orc:2    | Entered Level 2 of the Orcish Mines
 15746 | Orc:2    | Noticed an orc warlord
 15753 | Orc:2    | Identified the +1 pair of boots of Somewhere Else {rF+}
                  | (Okawaru gifted it to you on level 2 of the Orcish Mines)
 15753 | Orc:2    | Received a gift from Okawaru
 15759 | Orc:2    | Demolished by an ogre

Illustrated notes

Levels and vault maps discovered:
D:1:      dpeg_arrival_radiant, layout_loops_ring
D:2:      layout_loops_ring, minmay_misc_feat_cross
D:3:      layout_basic, serial_rivers, chequers_serial_rivers_micro_c,
          chequers_serial_rivers_small_a, chequers_serial_rivers_small_a,
          chequers_serial_rivers_small_b,
          chequers_ecumenical_altar_simple_redux, grunt_decor_mini_mirrors,
          roderic_cross_of_infinity, minmay_curled_crystal
D:4:      layout_basic, minmay_temple_entry_butterflies, uniq_menkaure,
          uniq_grinder, uniq_natasha, uniq_duvessa
D:5:      layout_basic, amcnicky_mini_corridor_feature
D:6:      layout_basic, uniq_blork_the_orc
D:7:      layout_cave_pods, minivault_19, uniq_pikel, uniq_joseph
D:8:      layout_rooms, enter_ossuary_1, serial_shops, shop,
          nicolae_alphabet_shops, minivault_26, grunt_decor_resistance,
          corexii_corridor_pit
D:9:      layout_cave_pools, nicolae_transmutations_shop,
          chequers_serial_rivers_large_b
D:10:     layout_big_octagon, nicolae_qazlal_scattered_showers,
          lair_entry_dummy, zombieorc1_lemuel
D:11:     layout_rooms, nicolae_titane, uniq_josephine
Temple:   nicolae_temple_bog_church
Lair:1:   layout_hall_layers, nzn_sisyphean_effort, grunt_megastairs_1,
          serial_bayou_shore_a, lemuel_fruit_fields, serial_bayou_shore_b
Lair:2:   dragon1_lemuel, layout_cave_shapes, minmay_shoals_entry_beasts,
          guppyfry_snake_entry_island, grunt_megastairs_2, serial_bayou_shore_b
Lair:3:   layout_misc_corridors, minivault_25, lemuel_fruit_tree
Lair:4:   gammafunk_lair_enchanted_lake, layout_big_grid, slime_entry_1,
          wad_woods_river_02, kennysheep_abandoned_house
Lair:5:   hellmonk_lair_end_abyssal_woods, layout_small_grid,
          portal_ice_cave_entry_pillars_2, chequers_serial_rivers_micro_c,
          uniq_urug
Orc:1:    layout_caves
Orc:2:    st_orc_open, layout_caves

Skill      XL: |  1  2  3  4  5  6  7  8  9 10 11 12 13 14 |
---------------+-------------------------------------------+-----
Axes           | 3 4 5 6 7 8 10 12 13 15 16 17 | 17.5
Shields        | 4 5 6 7 8 9 10 11 12 13 | 13.1
Fighting       | 4 5 6 7 8 9 10 11 12 13 | 13.1
Armour         | 4 5 6 7 8 9 10 11 12 13 | 13.1
Invocations    | 1 3 4 5 |  5.4
Throwing       | 2 5 8 9 |  9.1

Action                     |  1- 3 |  4- 6 |  7- 9 | 10-12 | 13-15 || total
---------------------------+-------+-------+-------+-------+-------++-------
  Melee: War axe           |   106 |   108 |   194 |   469 |   369 ||  1246
         Headbutt          |    12 |    20 |    32 |    81 |    49 ||   194
         Unarmed           |       |     8 |       |       |       ||     8
  Throw: Throwing net      |       |       |       |     2 |     1 ||     3
         Boomerang         |       |       |       |    14 |     9 ||    23
         Javelin           |       |       |       |       |    17 ||    17
 Invoke: Heroism           |       |       |     2 |     8 |     7 ||    17
    Use: Scroll            |       |       |     6 |     1 |     7 ||    14
   Stab: Held in net/web   |       |       |       |       |     1 ||     1
 Armour: Scale mail        |    61 |    52 |    62 |       |       ||   175
         Chain mail        |       |       |    43 |   329 |   233 ||   605
         Plate armour      |       |       |       |    74 |       ||    74
  Dodge: Dodged            |    48 |    44 |    98 |   260 |   177 ||   627
  Block: Buckler           |    22 |    25 |    69 |   177 |   132 ||   425
